 Dungeon Crawl Stone Soup version 0.29-a0-559-g359e09b9d1 (webtiles) character file.

Game seed: 15814681097958615481

14 DocClef the Covert (level 2, 0/29 HPs)
             Began as a Gnoll Delver on June 9, 2022.
             Slain by a jackal zombie (1 damage)
             ... in an ossuary.
             The game lasted 00:00:40 (386 turns).

DocClef the Covert (Gnoll Delver)                    Turns: 386, Time: 00:00:41

Health: 0/29       AC:  3    Str: 11    XL:     2   Next: 41%
Magic:  2/2        EV: 13    Int:  9    God:
Gold:   13         SH:  0    Dex: 13    Spells: 1/1 levels left

rFire   . . .      SeeInvis .   a - +0 short sword
rCold   . . .      Faith    .   (no shield)
rNeg    . . .      Spirit   .   b - +0 leather armour
rPois   .          Reflect  .   (no helmet)
rElec   .          Harm     .   (no cloak)
rCorr   .          Rampage  .   (no gloves)
Will    .....                   (no boots)
Stlth   ++++......              (no amulet)
HPRegen 0.09/turn               (no ring)
MPRegen 0.08/turn               (no ring)

@: marked
A: fangs 1, strong nose, distributed training
a: no special abilities


You were in an ossuary.
You visited 1 branch of the dungeon, and saw 1 of its levels.
You also visited: Ossuary.

You collected 13 gold pieces.

Inventory:

Hand Weapons
 a - a +0 short sword (weapon)
Armour
 b - a +0 leather armour (worn)
Wands
 d - a wand of iceblast (10)
 g - a wand of digging (3)
Scrolls
 c - a scroll of fog
 e - a scroll of fear
 h - a scroll of vulnerability {unknown}
Potions
 f - a potion of haste


   Skills:
 + Level 6.5 Fighting
 + Level 4.5 Short Blades
 + Level 0.4 Long Blades
 + Level 0.4 Axes
 + Level 0.4 Maces & Flails
 + Level 0.4 Polearms
 + Level 0.4 Staves
 + Level 0.4 Slings
 + Level 0.4 Bows
 + Level 0.4 Crossbows
 + Level 0.4 Throwing
 + Level 0.4 Armour
 + Level 4.5 Dodging
 + Level 9.5 Stealth
 + Level 0.4 Shields
 + Level 0.4 Unarmed Combat
 + Level 0.4 Spellcasting
 + Level 0.2 Conjurations
 + Level 0.2 Hexes
 + Level 0.2 Summonings
 + Level 0.2 Necromancy
 + Level 0.2 Translocations
 + Level 0.2 Transmutations
 + Level 0.2 Fire Magic
 + Level 0.2 Ice Magic
 + Level 0.2 Air Magic
 + Level 0.2 Earth Magic
 + Level 0.2 Poison Magic
 + Level 0.5 Invocations
 + Level 0.4 Evocations


You had one spell level left.
You didn't know any spells.
Your spell library was empty.

Dungeon Overview and Level Annotations

Branches:
Dungeon (5/15)            Ossuary (1/1)
 Temple: D:4-7

Altars:

Shops:
D:5 =


Innate Abilities, Weirdness & Mutations

You have very sharp teeth.
Your uncanny sense of smell can sniff out nearby items.
Your experience applies equally to all skills.


Message History

A mummy comes into view.
The centaur zombie hits you. The centaur zombie kicks you.
* * * LOW HITPOINT WARNING * * *
The rat zombie barely misses you.
You hit the centaur zombie but do no damage.
The centaur zombie is severely damaged.
The jackal zombie misses you.
The centaur zombie hits you but does no damage.
The centaur zombie barely misses you. The rat zombie misses you.
The hobgoblin zombie barely misses you.
You hit the centaur zombie.
The centaur zombie is severely damaged.
The centaur zombie hits you.
* * * LOW HITPOINT WARNING * * *
The centaur zombie barely misses you. The jackal zombie closely misses you.
The centaur zombie misses you. The centaur zombie closely misses you.
A hobgoblin zombie comes into view.
You hit the centaur zombie.
The centaur zombie is severely damaged.
The jackal zombie bites you.
* * * LOW HITPOINT WARNING * * *
The rat zombie bites you but does no damage.
The hobgoblin zombie hits you but does no damage.
The centaur zombie hits you but does no damage.
The centaur zombie kicks you but does no damage.
The jackal zombie misses you.
You puncture the centaur zombie!
The centaur zombie is almost destroyed.
The centaur zombie barely misses you. x2
The rat zombie bites you but does no damage.
The jackal zombie bites you but does no damage.
The hobgoblin zombie hits you.
* * * LOW HITPOINT WARNING * * *
You hit the centaur zombie but do no damage.
The centaur zombie is almost destroyed.
The centaur zombie closely misses you.
The centaur zombie kicks you but does no damage.
A kobold zombie comes into view.
The jackal zombie bites you.
You die...

#...# ##.... #
#...# .... # #...#
#.^# # #...# #^.#
# #...# #..# #
#...######.^######
#Z....Z.Z.........
#ZZZ..M..8..8.....
#@ZZZ.............
#.ZZ..............
##################


You could see a mummy, a rat zombie, a jackal zombie, 2 hobgoblin zombies, 2
kobold zombies, an orc zombie, a centaur zombie and 3 human zombies.

Vanquished Creatures
  9 hobgoblin zombies (Ossuary)
  4 kobold zombies (Ossuary)
  7 orc zombies (Ossuary)
20 creatures vanquished.

Notes
Turn   | Place    | Note
-------+----------+-------------------------------------------
     0 | D:5      | Reached skill level 9 in Stealth
     0 | D:5      | DocClef the Gnoll Delver began the quest for the Orb.
     0 | D:5      | Reached XP level 1. HP: 23/23 MP: 1/1
     3 | D:5      | Found Sinori's Jewellery Shop.
    34 | D:5      | Found a sand-covered staircase.
    55 | D:5      | Noticed an orc priest
    57 | D:5      | Noticed an orc priest
    79 | Ossuary  | Entered an ossuary
   209 | Ossuary  | Reached XP level 2. HP: 29/29 MP: 2/2
   385 | Ossuary  | HP: 1/29 [hobgoblin zombie (2)]
   386 | Ossuary  | Slain by a jackal zombie

Illustrated notes

Levels and vault maps discovered:
D:5:      layout_loops_ring, chequers_ossuary_entry_cave,
          minmay_shop_enchanted_jewellery, nicolae_shop_overcharged_wands,
          uniq_pikel
Ossuary:  ossuary_tomb_1

Skill      XL: | |
---------------+-+-----
Stealth        | |  9.5
Fighting       | |  6.5
Short Blades   | |  4.5
Long Blades    | |  0.4
Axes           | |  0.4
Maces & Flails | |  0.4
Polearms       | |  0.4
Staves         | |  0.4
Slings         | |  0.4
Bows           | |  0.4
Crossbows      | |  0.4
Throwing       | |  0.4
Armour         | |  0.4
Dodging        | |  4.5
Shields        | |  0.4
Unarmed Combat | |  0.4
Spellcasting   | |  0.4
Conjurations   | |  0.2
Hexes          | |  0.2
Summonings     | |  0.2
Necromancy     | |  0.2
Translocations | |  0.2
Transmutations | |  0.2
Fire Magic     | |  0.2
Ice Magic      | |  0.2
Air Magic      | |  0.2
Earth Magic    | |  0.2
Poison Magic   | |  0.2
Invocations    | |  0.5
Evocations     | |  0.4

Action                   || total
-------------------------++-------
Melee: Short sword       ||    99
       Bite              ||    12
       Punch             ||     1
  Use: Scroll            ||     1
 Stab: Sleeping          ||     2
Armor: Leather armour    ||    34
Dodge: Dodged            ||    87

Table legend: (Time is in decaauts)
 A = Elapsed time spent in this place.
 B = Non-inter-level travel time spent in this place.
 C = Inter-level travel time spent in this place.
 D = Time resting spent in this place.
 E = Time spent auto-exploring this place.
 F = Levels seen in this place.
 G = Mean time per level.
                   A        B        C        D        E       F      G
               +--------+--------+--------+--------+--------+-----+--------+
         Total |    374 |    374 |      0 |      0 |    199 |   2 |  187.0 |
       Dungeon |     78 |     78 |      0 |      0 |     48 |   1 |   78.0 |
       Ossuary |    295 |    295 |      0 |      0 |    151 |   1 |  295.0 |
               +--------+--------+--------+--------+--------+-----+--------+

Top non-repeatable levels by time:
 Ossuary: 295 daAuts
     D:5: 78 daAuts
